 Dungeon Crawl Stone Soup version 0.25-a0-719-gde951dce62 (webtiles) character file.

Game seed: 16285754489799547445, levelgen mode: deterministic

50 Amnesiac the Chiller (level 3, -7/19 HPs)
             Began as a Deep Elf Ice Elementalist on Apr 7, 2020.
             Was a Follower of Vehumet.
             Mangled by a worm (10 damage)
             ... on level 2 of the Dungeon.
             The game lasted 00:02:15 (1517 turns).

Amnesiac the Chiller (Deep Elf Ice Elementalist)    Turns: 1517, Time: 00:02:16

Health: -7/19      AC:  3    Str:  5    XL:     3   Next: 55%
Magic:  4/10       EV: 13    Int: 20    God:    Vehumet [*.....]
Gold:   82         SH:  0    Dex: 15    Spells: 2/9 levels left

rFire    . . .     SeeInvis .   k - +3 flail
rCold    . . .     Gourm    .   (no shield)
rNeg     . . .     Faith    .   a - +0 robe
rPois    .         Spirit   .   (no helmet)
rElec    .         Reflect  .   (no cloak)
rCorr    .         Harm     .   j - +0 pair of gloves
MR       .....                  (no boots)
Stlth    ++........             (no amulet)
HPRegen  0.06/turn              (no ring)
MPRegen  0.12/turn              (no ring)

@: no status effects
A: no striking features
a: Renounce Religion


You were on level 2 of the Dungeon.
You worshipped Vehumet.
Vehumet was aware of your devotion.
You were not hungry.

You visited 2 branches of the dungeon, and saw 5 of its levels.

You collected 82 gold pieces.

Inventory:

Hand Weapons
 k - a +3 flail (weapon)
Armour
 a - a +0 robe (worn)
 j - a +0 pair of gloves (worn)
Wands
 l - a wand of acid (13)
Scrolls
 b - 6 scrolls of identify {!r, unknown}
 d - a scroll of teleportation {!r, unknown}
 e - a scroll of noise {!r, unknown}
 f - a scroll of remove curse {!r, unknown}
 g - a scroll of magic mapping {!r, unknown}
 i - a scroll of fear {!r, unknown}
Comestibles
 c - 4 rations
 h - 4 chunks of flesh


   Skills:
 - Level 2.4 Dodging
 - Level 2.4 Stealth
 + Level 3.9 Spellcasting
 * Level 5.4 Ice Magic


You had 2 spell levels left.
You knew the following spells:

 Your Spells              Type           Power        Failure   Level  Hunger
a - Freeze                Ice            ####         1%          1    None
b - Frozen Ramparts       Ice            ####..       4%          3    ###....
z - Ozocubu's Armour      Chrm/Ice       ##......     13%         3    ###....

Your spell library contained the following spells:

 Spells                   Type           Power        Failure   Level  Hunger
 Magic Dart               Conj           #...         13%         1    None
 Hailstorm                Conj/Ice       ##......     38%         4    ####...
 Summon Ice Beast         Ice/Summ       ##......     38%         4    ####...


Dungeon Overview and Level Annotations

Branches:
Dungeon (4/15)             Temple (1/1) D:4

Altars:
Ashenzari
Cheibriados
Dithmenos
Elyvilon
Fedhas
Gozag
Hepliaklqana
Kikubaaqudgha
Makhleb
Nemelex Xobeh
Okawaru
Qazlal
Ru
Sif Muna
Trog
Uskayaw
Vehumet
Wu Jian
Xom
Yredelemnul
Zin


Message History

You see here a kobold corpse.
You see here a kobold corpse.
There is an open door here.
There is an open door here.
A worm comes into view.
Found a scroll labeled QYNUZX PUMAISM.
A worm is nearby!
A worm is nearby!
A giant cockroach comes into view.
Found 10 gold pieces.
Found a stone staircase leading down.
A frilled lizard comes into view.
The frilled lizard moves out of view.
Casting: Freeze (safe; 1% risk of failure)
Confirm with . or Enter, or press ? or * to list all spells.
You can't see any susceptible monsters within range! (Use Z to cast anyway.)
Casting: Freeze (safe; 1% risk of failure)
Confirm with . or Enter, or press ? or * to list all spells.
Aiming: Freeze (safe; 1% risk of failure)
Press: ? - help, Shift-Dir - straight line, f - frilled lizard
Aim: a frilled lizard You freeze the frilled lizard!
You kill the frilled lizard!
Vehumet accepts your kill.
Casting: Freeze (safe; 1% risk of failure)
Confirm with . or Enter, or press ? or * to list all spells.
Aiming: Freeze (safe; 1% risk of failure)
Press: ? - help, Shift-Dir - straight line, f - worm
Aim: a worm You freeze the worm.
The worm is lightly wounded.
Casting: Freeze (safe; 1% risk of failure)
Confirm with . or Enter, or press ? or * to list all spells.
Aiming: Freeze (safe; 1% risk of failure)
Press: ? - help, Shift-Dir - straight line, f/p - worm
Aim: a worm (lightly wounded)
You freeze the worm.
The worm is moderately wounded.
The worm bites you!
Casting: Freeze (safe; 1% risk of failure)
Confirm with . or Enter, or press ? or * to list all spells.
Aiming: Freeze (safe; 1% risk of failure)
Press: ? - help, Shift-Dir - straight line, f/p - worm
Aim: a worm (lightly wounded)
You freeze the worm.
The worm is moderately wounded.
The worm bites you!
* * * LOW HITPOINT WARNING * * *
Casting: Freeze (safe; 1% risk of failure)
Confirm with . or Enter, or press ? or * to list all spells.
Aiming: Freeze (safe; 1% risk of failure)
Press: ? - help, Shift-Dir - straight line, f/p - worm
Aim: a worm (moderately wounded)
You freeze the worm.
The worm is heavily wounded.
Casting: Freeze (safe; 1% risk of failure)
Confirm with . or Enter, or press ? or * to list all spells.
Aiming: Freeze (safe; 1% risk of failure)
Press: ? - help, Shift-Dir - straight line, f/p - worm
Aim: a worm (heavily wounded)
You freeze the worm.
The worm is almost dead.
The worm bites you!
Ouch! That really hurt!
You die...

####### ### ....... #..
...>... #.. .......
####.. .....$. #.....
.......###### ##.....
.......s....#######......
...?...w@............##..
#####.###########.#..#...
... #.......< #..
#...###.. #.. #...###..
#. #^...>... ## #........
#..#..... #........


You could see a worm and a giant cockroach.

Vanquished Creatures
  A leopard gecko (D:2)
  4 orcs (D:2)
  3 giant cockroaches
  3 goblins
  A hobgoblin (D:1)
  7 jackals (D:1)
  A ball python (D:3)
  6 bats (D:1)
  4 frilled lizards
  9 kobolds
  2 rats (D:1)
41 creatures vanquished.

Notes
Turn   | Place    | Note
-------+----------+-------------------------------------------
     0 | D:1      | Amnesiac the Deep Elf Ice Elementalist began the quest for
                  | the Orb.
     0 | D:1      | Reached XP level 1. HP: 10/10 MP: 6/6
   127 | D:1      | Reached XP level 2. HP: 15/15 MP: 5/8
   199 | D:4      | Found a staircase to the Ecumenical Temple.
   205 | Temple   | Entered the Ecumenical Temple
   471 | Temple   | Became a worshipper of Vehumet
   561 | D:1      | Reached skill level 5 in Ice Magic
   655 | D:1      | Reached XP level 3. HP: 3/19 MP: 0/10
   660 | D:1      | Learned a level 3 spell: Frozen Ramparts
   664 | D:1      | Learned a level 3 spell: Ozocubu's Armour
  1299 | D:2      | Reached * piety under Vehumet
  1299 | D:2      | Offered knowledge of Magic Dart by Vehumet.
  1517 | D:2      | Mangled by a worm

Levels and vault maps discovered:
D:1:      dpeg_arrival_tiny_h, layout_loops_ring
D:2:      minmay_recursive_quarters, layout_rooms, minivault_26, wad_orctagon,
          uniq_jessica, uniq_robin
D:3:      layout_basic, tso_altar, uniq_sigmund
D:4:      layout_basic, minmay_temple_entry_ruins, first_ration,
          nicolae_dithmenos_the_darkroom
Temple:   roderic_octagonal_lattice_temple

Skill      XL: |  1  2 |
---------------+-------+-----
Ice Magic      | 5 |  5.4
Dodging        | |  2.4
Stealth        | |  2.4
Spellcasting   | |  3.9

Action                   || total
-------------------------++-------
Melee: Unarmed           ||    12
 Cast: Freeze            ||    58
  Eat: Chunk             ||     2
Armor: Robe              ||     8
Dodge: Dodged            ||    51

Table legend:
 A = Non-vault XP
 B = Vault XP
 C = Vault XP percentage of total XP
 D = Non-vault monster count
 E = Vault monster count
 F = Vault count percentage of total count
                 A         B        C        D         E       F
            +---------+---------+-------+---------+---------+-------
      Total |      60 |      12 |  16.7 |      37 |       4 |   9.8
            +---------+---------+-------+---------+---------+-------
        D:1 |      44 |       0 |   0.0 |      26 |       0 |   0.0
        D:2 |      15 |      12 |  44.4 |      10 |       4 |  28.6
        D:3 |       1 |       0 |   0.0 |       1 |       0 |   0.0
            +---------+---------+-------+---------+---------+-------
